 Dungeon Sprint DCSS version 0.17-a0-2101-g0c122e7 (webtiles) character file.

277 tp1 the Thaumaturge (level 6, -15/32 HPs)
             Began as a Deep Elf Conjurer on Oct 18, 2015.
             Rolled over by a boulder beetle (47 damage)
             ... in the Dungeon (Sprint II: "The Violet Keep of Menkaure").
             The game lasted 00:01:50 (143 turns).

tp1 the Thaumaturge (Deep Elf Conjurer)              Turns: 143, Time: 00:01:50

Health: -15/32     AC:  2    Str:  5    XL:     6   Next: 4%
Magic:  17/24      EV: 14    Int: 22    God:
Gold:   243        SH:  0    Dex: 15    Spells: 4 memorised, 20 levels left

rFire  . . .     SeeInvis .     (no weapon)
rCold  . . .     Clarity  .     a - +0 robe
rNeg   . . .     SustAt   .     (no shield)
rPois  .         Gourm    .     (no helmet)
rElec  .         Spirit   .     (no cloak)
rCorr  .         Warding  .     (no gloves)
rMut   .         NoTele   +     (no boots)
MR     .....                    (no amulet)
Stlth  ++........               (no ring)
                                (no ring)

@: not resistant to hostile enchantments, unstealthy
A: no striking features
a: no special abilities


You were in the Dungeon.
You were not hungry.

You visited 1 branch You collected 243 gold pieces.

Inventory:

Armour
 a - a +0 robe (worn)
Scrolls
 i - a scroll of blinking
Potions
 d - a potion of curing
 e - a potion of heal wounds
 f - a potion of haste
 g - 2 potions of magic
Books
 b - a book of Conjurations

   Spells                             Type                      Level
   a - Magic Dart                     Conjuration                  1
   b - Searing Ray                    Conjuration                  2
   c - Dazzling Spray                 Conjuration/Hexes            3
   d - Fulminant Prism                Conjuration/Hexes            4
   e - Iskenderun's Mystic Blast      Conjuration                  4
   f - Iskenderun's Battlesphere      Conjuration/Charms           5
Comestibles
 c - a bread ration


   Skills:
 - Level 3.7 Dodging
 - Level 3.4 Stealth
 + Level 13.0 Spellcasting
 - Level 8.8 Conjurations


You had 20 spell levels left.
You knew the following spells:

 Your Spells              Type           Power        Failure   Level  Hunger
a - Magic Dart            Conj           ####         1%          1    None
b - Searing Ray           Conj           ######       1%          2    None
c - Dazzling Spray        Conj/Hex       ####....     1%          3    None
d - Iskenderun's Battles  Conj/Chrm      ####....     21%         5    ###....


Dungeon Overview and Level Annotations

Branches:
Dungeon (1/1)

Altars:


Message History

Confirm with . or Enter, or press ? or * to list all spells.
You conjure a globe of magical energy.
The boulder beetle curls into a ball and starts rolling!
Casting: Iskenderun's Battlesphere
Confirm with . or Enter, or press ? or * to list all spells.
Aiming: Magic Dart
Press: ? - help, Shift-Dir - straight line, f - worm
Aim: a worm The magic dart hits the worm.
The worm is lightly wounded.
Casting: Magic Dart
Confirm with . or Enter, or press ? or * to list all spells.
Aiming: Magic Dart
Press: ? - help, Shift-Dir - straight line, f/p - worm
Aim: a worm (lightly wounded)
The magic dart hits the worm.
The worm is moderately wounded.
The boulder beetle smashes into you!
Ouch! That really hurt!
You die...

## ## ##. .## .B
.. # .#$ ## ## #w
#§# #.##..#
#.##B###..#..#
#w@<.'##†'..#
#...##*##†#.#....#
##w #+###†## .....
# ### ..§§ §.. ≈§
≈


You could see a boulder beetle and 3 worms.

Vanquished Creatures
  4 brain worms (D)
4 creatures vanquished.

Vanquished Creatures (others)
  A crocodile (D)
1 creature vanquished.

Grand Total: 5 creatures vanquished

Notes
Turn   | Place    | Note
--------------------------------------------------------------
     0 | D        | tp1 the Deep Elf Conjurer began the quest for the Orb.
     0 | D        | Reached XP level 1. HP: 10/10 MP: 6/6
     1 | D        | Noticed a brain worm
     4 | D        | Noticed a brain worm
     8 | D        | Killed a brain worm
     8 | D        | Reached skill level 8 in Conjurations
     8 | D        | Reached XP level 2. HP: 15/15 MP: 6/9
     8 | D        | Reached XP level 3. HP: 19/19 MP: 6/10
     8 | D        | Reached XP level 4. HP: 24/24 MP: 7/12
    15 | D        | Killed a brain worm
    15 | D        | Reached skill level 9 in Spellcasting
    15 | D        | Reached XP level 5. HP: 28/28 MP: 7/18
    16 | D        | Killed a crocodile
    17 | D        | Noticed a brain worm
    17 | D        | Noticed a brain worm
    23 | D        | Killed a brain worm
    23 | D        | Reached skill level 11 in Spellcasting
    31 | D        | Killed a brain worm
    31 | D        | Reached skill level 13 in Spellcasting
    31 | D        | Reached XP level 6. HP: 19/32 MP: 3/24
    69 | D        | Learned a level 2 spell: Searing Ray
    73 | D        | Learned a level 3 spell: Dazzling Spray
    79 | D        | Learned a level 5 spell: Iskenderun's Battlesphere
   138 | D        | Noticed a boulder beetle
   138 | D        | Noticed a boulder beetle
   143 | D        | Rolled over by a boulder beetle

Vault maps used:
D:        the_violet_keep_of_menkaure

Action                   |  1- 3 |  4- 6 || total
-------------------------+-------+-------++-------
Melee: Unarmed           |     4 |    12 ||    16
 Cast: Magic Dart        |     1 |    10 ||    11
       Iskenderun's Batt |       |     1 ||     1
  Use: Potion            |     1 |       ||     1
